 Dungeon Crawl Stone Soup version 0.20-a0-876-g2c7b0bf (webtiles) character file.

147 4thArraOfDagon the Shooter (level 4, 0/54 HPs)
             Began as a Demigod Wanderer on Mar 15, 2017.
             Slain by a hound (3 damage)
             ... on level 5 of the Dungeon.
             The game lasted 00:03:04 (756 turns).

4thArraOfDagon the Shooter (Demigod Wanderer)        Turns: 756, Time: 00:03:04

Health: 0/54       AC:  5    Str: 19    XL:     4   Next: 80%
Magic:  8/8        EV: 15    Int: 21    God:
Gold:   48         SH:  0    Dex: 23    Spells: 4/5 levels left

rFire    . . .     SeeInvis .   a - +2 shortbow
rCold    . . .     Gourm    .   o - +0 ring mail
rNeg     . . .     Faith    .   (shield currently unavailable)
rPois    .         Spirit   .   (no helmet)
rElec    .         Reflect  .   (no cloak)
rCorr    .         Harm     .   (no gloves)
MR       .....                  (no boots)
Stlth    ..........             (no amulet)
Regen    0.2/turn               (no ring)
MPRegen  0.2/turn               (no ring)

@: brilliant, agile, berserking, lethally poisoned (0 -> -2), very quick
A: high mp 1
a: no special abilities


You were on level 5 of the Dungeon.
You were not hungry.

You visited 1 branch of the dungeon, and saw 5 of its levels.

You collected 48 gold pieces.

Inventory:

Hand Weapons
 a - a +2 shortbow (weapon)
 m - a +0 long sword
Missiles
 b - 44 arrows (quivered)
Armour
 e - a +0 robe
 o - a +0 ring mail (worn)
Magical Staves
 r - an uncursed staff of earth {unknown}
Scrolls
 j - a scroll of enchant armour {unknown}
 k - a scroll of teleportation {unknown}
 l - a scroll of identify {unknown}
 n - a scroll of fear {unknown}
 p - 2 scrolls of remove curse {unknown}
 s - a scroll of immolation {unknown}
Potions
 i - a potion of brilliance
Books
 c - the Incunabulum of Confrontation

   Spells                             Type                      Level
   a - Shock                          Conjuration/Air              1
   b - Stone Arrow                    Conjuration/Earth            3
 d - the Incunabulum of Translocation

   Spells                             Type                      Level
   a - Apportation                    Translocation                1
   b - Teleport Other                 Translocation                3
 q - a book of Conjurations

   Spells                             Type                      Level
   a - Magic Dart                     Conjuration                  1
   b - Searing Ray                    Conjuration                  2
   c - Dazzling Spray                 Conjuration/Hexes            3
   d - Fulminant Prism                Conjuration/Hexes            4
   e - Force Lance                    Conjuration/Translocation    4
   f - Iskenderun's Mystic Blast      Conjuration                  4
Comestibles
 f - 2 bread rations


   Skills:
 - Level 1.7 Fighting
 * Level 4.5 Bows
 - Level 1.0 Throwing
   Level 1.0 Shields
 - Level 1.0 Spellcasting
 - Level 3.6 Translocations


You had 4 spell levels left.
You knew the following spells:

 Your Spells              Type           Power        Failure   Level  Hunger
a - Apportation           Tloc           ####..       1%          1    ##.....


Dungeon Overview and Level Annotations

Branches:
Dungeon (5/15)
 Temple: D:4-7


Innate Abilities, Weirdness & Mutations

You have an increased reservoir of magic. (+10% MP)


Message History

Unknown command.
It was a potion of berserk rage.
A red film seems to cover your vision as you go berserk!
You feel yourself moving faster!
You feel mighty!
The hound barks!
The orc hits you but does no damage. x2
A bullfrog zombie comes into view.
Unknown command.
Really attack while wielding your +2 shortbow?
You hit the orc!
You kill the orc!
The orc closely misses you.
Unknown command.
You clumsily bash the orc.
The orc is heavily wounded.
You feel sick. The orc barely misses you.
You hit the orc!
You kill the orc!
The hound bites you.
You die...

#............#....... .
#...(...#........###. ..#
###..............## ##.
....#................# #..
.........Z.........<.###...
.....................##....
...(......................#
.........()[..............#
...(..((.h@..............##
#............####..........
###........................
#........................
#........#####....##.....
#.##...... ###.# #..... .#
###...# #.# ##...# #..##
..# #.### #.# #.# #


You could see a hound and a bullfrog zombie.

Vanquished Creatures
  A hound (D:4)
  2 worker ants
  5 adders
  A worm (D:3)
  A leopard gecko (D:3)
  5 orcs
  A giant cockroach (D:1)
  2 hobgoblins
  2 bats
  3 kobolds (D:1)
  A quokka skeleton (D:5)
  A rat (D:1)
25 creatures vanquished.

Notes
Turn   | Place    | Note
-------+----------+-------------------------------------------
     0 | D:1      | 4thArraOfDagon the Demigod Wanderer began the quest for the Orb.
     0 | D:1      | 4thArraOfDagon set off with: a +2 shortbow, 26 arrows, the Incunabulum of Confrontation, the Incunabulum of Translocation, a +0 robe, a bread ration
     0 | D:1      | Reached XP level 1. HP: 17/17 MP: 4/4
     0 | D:1      | 4thArraOfDagon: hi
     0 | D:1      | Identified the Incunabulum of Confrontation
     0 | D:1      | Identified the Incunabulum of Translocation
     2 | D:1      | Learned a level 1 spell: Apportation
    68 | D:1      | 4thArraOfDagon: hi
   156 | D:2      | Reached skill level 2 in Bows
   156 | D:2      | Reached XP level 2. HP: 24/24 MP: 5/5
   258 | D:3      | Found a blossoming altar of Fedhas.
   308 | D:3      | Reached XP level 3. HP: 29/29 MP: 6/6
   330 | D:4      | Noticed a scorpion
   400 | D:4      | Reached skill level 3 in Bows
   477 | D:4      | Reached XP level 4. HP: 32/36 MP: 8/8
   526 | D:4      | Reached skill level 4 in Bows
   546 | D:5      | Entered Level 5 of the Dungeon
   756 | D:5      | Slain by a hound

Vault maps used:
D:1:      dpeg_arrival_ratfight, interstate_on_off
D:2:      minmay_door_path, uniq_natasha
D:3:      fedhas_altar_1
D:5:      first_bread

Skill      XL: |  1  2  3  4 |
---------------+-------------+-----
Bows           | 2 3 4 |  4.5
Fighting       | |  1.7
Throwing       | |  1.0
Shields        | |  1.0
Spellcasting   | |  1.0
Translocations | |  3.6

Action                   |  1- 3 |  4- 6 || total
-------------------------+-------+-------++-------
Melee: Shortbow          |       |     3 ||     3
 Fire: Shortbow          |    52 |    30 ||    82
  Use: Potion            |       |     3 ||     3
Armor: Robe              |     2 |       ||     2
       Ring mail         |     4 |    13 ||    17
Dodge: Dodged            |     8 |    15 ||    23
